 Dungeon Crawl Stone Soup version 0.24-b1-44-g37ad8b309f (webtiles) character file.

Game seed: 17923959973839822632, levelgen mode: deterministic

1646 EWolf27 the Shield-Bearer (level 8, 0/73 HPs)
             Began as a Minotaur Fighter on Oct 23, 2019.
             Was a Priest of Trog.
             Slain by an orc warrior
             ... wielding a +0 battleaxe
              (14 damage)
             ... on level 5 of the Dungeon on Oct 24, 2019.
             The game lasted 00:25:32 (6431 turns).

EWolf27 the Shield-Bearer (Minotaur Fighter)        Turns: 6431, Time: 00:25:33

Health: 0/73       AC: 15    Str: 24    XL:     8   Next: 67%
Magic:  7/7        EV:  7    Int:  5    God:    Trog [***...]
Gold:   358        SH: 11    Dex:  9    Spells: 5/7 levels left

rFire    . . .     SeeInvis .   a - +0 war axe
rCold    . . .     Gourm    .   c - +0 shield
rNeg     . . .     Faith    .   w - +0 chain mail
rPois    .         Spirit   .   (helmet restricted)
rElec    .         Reflect  .   b - +2 cloak
rCorr    .         Harm     .   h - +0 pair of gloves
MR       .....                  (no boots)
Stlth    ..........             (no amulet)
HPRegen  0.22/turn              (no ring)
MPRegen  0.10/turn              (no ring)

@: hasted, very quick
A: retaliatory headbutt, horns 2
a: Berserk, Trog's Hand, Renounce Religion


You were on level 5 of the Dungeon.
You worshipped Trog.
Trog was most pleased with you.
You were not hungry.

You visited 1 branch of the dungeon, and saw 6 of its levels.

You collected 358 gold pieces.

Inventory:

Hand Weapons
 a - a +0 war axe (weapon)
 l - a +4 whip
 y - a +0 dagger of electrocution
Missiles
 k - 434 stones (quivered)
Armour
 b - a +2 cloak (worn)
 c - a +0 shield (worn)
 h - a +0 pair of gloves (worn)
 i - a scarf of resistance
 w - a +0 chain mail (worn)
Scrolls
 e - 5 scrolls of fog
 g - 10 scrolls of teleportation
 j - 2 scrolls of fear {unknown}
 m - 5 scrolls of remove curse
 o - 3 scrolls of identify
 u - 2 scrolls of enchant armour {unknown}
 v - a scroll of magic mapping {unknown}
Potions
 d - a potion of might
 n - a potion of brilliance {unknown}
 p - 2 potions of flight
 r - a potion of haste
 s - 2 potions of curing {unknown}
 t - 2 potions of cancellation {unknown}
 x - a potion of degeneration {unknown}
Comestibles
 f - 10 rations


   Skills:
 + Level 7.6 Fighting
 + Level 7.0 Axes
 + Level 7.4 Armour
 + Level 7.6 Shields


You had 5 spell levels left.
You knew the following spells:

 Your Spells              Type           Power        Failure   Level  Hunger
a - Blink                 Tloc           N/A          100%        2    ###....

Your spell library contained the following spells:

 Spells                   Type           Power        Failure   Level  Hunger
 Magic Dart               Conj           #...         100%        1    ##.....
 Call Imp                 Summ           #.......     100%        2    ###....
 Slow                     Hex            #.......     100%        2    ###....
 Conjure Flame            Conj/Fire      #.......     100%        3    ####...
 Mephitic Cloud           Conj/Pois/Air  #.......     100%        3    ####...


Dungeon Overview and Level Annotations

Branches:
Dungeon (6/15)
 Temple: D:4-7

Altars:
Cheibriados
Dithmenos
Ru
Trog
Xom


Innate Abilities, Weirdness & Mutations

You reflexively headbutt those who attack you in melee.
You have a pair of horns on your head.


Message History

Something hits you but does no damage.
Deactivating autopickup; reactivate with Ctrl-A.
You hit the orc warrior but do no damage.
The orc warrior is moderately wounded.
You miss something. Something hits you but does no damage.
You block the orc warrior's attack.
Your shield and chain mail prevent you from hitting the orc warrior.
You headbutt the orc warrior, but do no damage.
The orc warrior is moderately wounded.
You closely miss something. Something hits you but does no damage.
You hit the orc warrior.
The orc warrior is heavily wounded.
You closely miss something.
The orc warrior hits you but does no damage.
Something hits you but does no damage.
Your shield prevents you from hitting the orc warrior.
The orc warrior is heavily wounded.
You closely miss something. Something hits you but does no damage.
The orc warrior hits you with a +0 battleaxe!
You die...

##.#.## #.# #.......# #.#
##.....###.###..##...###.#
#.>.......#.....##........
##.....###.####.###.#..###
#....## #.# #.# #.#..# #
#.#.#####.####.###.#..###
#.............#....[...##
###.####.###.###..#......
#.# #@{....#.......)).
#.####o[.###.###[#.##'#
#....>.....### #.#.#...
######...#.# #.#.#...
#...#.#####.#.#...
#..<#.........#...
#...#######.#.#...
#####...# #.#.##'#
#.......# #....#..


You could see an orc warrior.

Vanquished Creatures
  4 phantoms
  3 big kobolds (D:3)
  2 howler monkeys
  6 orc priests
  A hound (D:5)
  A jelly (D:3)
  7 orc wizards
  Terence (D:2)
  Natasha (thrice) (D:4)
  5 worker ants
  5 gnolls
  8 adders
  A shadow imp (D:5)
  An ooze (D:3)
  3 adder skeletons
  5 worms
  3 dart slugs
  4 leopard geckos
  23 orcs
  A ball python (D:2)
  5 giant cockroaches
  17 goblins
  19 hobgoblins
  12 jackals
  3 quokkas
  8 bats
  6 frilled lizards
  43 kobolds
  4 rats
204 creatures vanquished.

Notes
Turn   | Place    | Note
-------+----------+-------------------------------------------
     0 | D:1      | EWolf27 the Minotaur Fighter began the quest for the Orb.
     0 | D:1      | Reached XP level 1. HP: 19/19 MP: 0/0
   590 | D:1      | Reached XP level 2. HP: 27/27 MP: 1/1
   876 | D:1      | Reached XP level 3. HP: 33/33 MP: 2/2
  1616 | D:2      | Reached XP level 4. HP: 40/41 MP: 3/3
  1733 | D:2      | Noticed Terence
  1747 | D:2      | Killed Terence
  2035 | D:2      | Found a bloodstained altar of Trog.
  2070 | D:2      | Became a worshipper of Trog the Wrathful
  2187 | D:3      | Found a sacrificial altar of Ru.
  2213 | D:3      | Found a snail-covered altar of Cheibriados.
  2229 | D:3      | Reached XP level 5. HP: 43/47 MP: 4/4
  2240 | D:3      | Reached skill level 5 in Fighting
  2240 | D:3      | Reached skill level 5 in Armour
  2240 | D:3      | Reached skill level 5 in Shields
  2495 | D:3      | Reached * piety under Trog
  2564 | D:3      | Reached XP level 6. HP: 54/56 MP: 5/5
  2636 | D:3      | Found a shimmering altar of Xom.
  3062 | D:3      | Reached ** piety under Trog
  3229 | D:3      | Reached skill level 5 in Axes
  3229 | D:3      | Reached XP level 7. HP: 39/62 MP: 6/6
  4026 | D:4      | Noticed Natasha
  4034 | D:4      | Killed Natasha
  4116 | D:4      | Noticed Natasha
  4125 | D:4      | Killed Natasha
  4219 | D:4      | Reached *** piety under Trog
  4227 | D:4      | Noticed Natasha
  4238 | D:4      | Killed Natasha
  4563 | D:4      | Found a shadowy altar of Dithmenos.
  4658 | D:4      | Reached XP level 8. HP: 44/71 MP: 7/7
  5350 | D:5      | Entered Level 5 of the Dungeon
  5801 | D:5      | Was placed under penance by Trog
  5804 | D:5      | Learned a level 2 spell: Blink
  6013 | D:5      | Was forgiven by Trog
  6431 | D:5      | Slain by an orc warrior

Skill      XL: |  1  2  3  4  5  6  7  8 |
---------------+-------------------------+-----
Fighting       | 4 5 6 7 |  7.6
Shields        | 4 5 6 7 |  7.6
Armour         | 4 5 6 7 |  7.4
Axes           | 3 4 5 7 |  7.0

Action                   |  1- 3 |  4- 6 |  7- 9 || total
-------------------------+-------+-------+-------++-------
Melee: War axe           |   104 |   125 |   243 ||   472
       Headbutt          |    13 |    16 |    48 ||    77
Throw: Stone             |       |       |     2 ||     2
Invok: Berserk           |       |     1 |       ||     1
       Trog's Hand       |       |       |     1 ||     1
  Use: Scroll            |       |       |     5 ||     5
       Potion            |       |       |     1 ||     1
  Eat: Chunk             |     2 |     6 |     8 ||    16
       Ration            |       |       |     1 ||     1
Armor: Scale mail        |    56 |    76 |    56 ||   188
       Chain mail        |       |       |    54 ||    54
Dodge: Dodged            |    39 |    54 |    62 ||   155
Block: Shield            |    67 |    97 |   127 ||   291
